 Dungeon Crawl Stone Soup version 0.25-b1-37-g2669288 (webtiles) character file.

Game seed: 3814603133746208567

53 ratboy the Firebug (level 3, -1/20 HPs)
             Began as a Gargoyle Fire Elementalist on June 5, 2020.
             Slain by a gnoll
             ... wielding a +0 spear
              (9 damage)
             ... on level 2 of the Dungeon.
             The game lasted 00:04:49 (1613 turns).

ratboy the Firebug (Gargoyle Fire Elementalist)     Turns: 1613, Time: 00:04:50

Health: -1/20      AC:  5    Str: 11    XL:     3   Next: 89%
Magic:  2/6        EV: 12    Int: 16    God:
Gold:   116        SH:  0    Dex: 10    Spells: 6/7 levels left

rFire    . . .     SeeInvis .   a - +0 short sword (venom)
rCold    . . .     Gourm    .   (no shield)
rNeg     + . .     Faith    .   p - +0 robe
rPois    ∞         Spirit   .   (no helmet)
rElec    +         Reflect  .   (no cloak)
rCorr    .         Harm     .   (no gloves)
MR       .....                  (no boots)
Stlth    ++........             (no amulet)
HPRegen  0.06/turn              (no ring)
MPRegen  0.10/turn              (no ring)

@: very slightly contaminated
A: negative energy resistance 1, electricity resistance, unbreathing,
petrification resistance, rot immunity, AC +3
a: no special abilities


You were on level 2 of the Dungeon.
You were hungry.

You visited 1 branch of the dungeon, and saw 2 of its levels.

You collected 116 gold pieces.

Inventory:

Hand Weapons
 a - a +0 short sword of venom (weapon)
 e - a +0 spear
Missiles
 b - 14 poisoned darts (quivered)
 j - 49 stones
Armour
 p - a +0 robe (worn)
Scrolls
 g - 2 scrolls of remove curse {unknown}
 i - 4 scrolls of teleportation {unknown}
 l - a scroll of magic mapping {unknown}
 m - 2 scrolls of identify {unknown}
 n - a scroll of enchant weapon {unknown}
Potions
 d - a potion of berserk rage {unknown}
 f - 2 potions of curing {unknown}
 h - a potion of haste {unknown}
 o - a potion of brilliance {unknown}
Comestibles
 c - 3 rations


   Skills:
 + Level 1.6 Fighting
 - Level 1.5 Dodging
 - Level 2.1 Stealth
 + Level 2.5 Spellcasting
 + Level 2.1 Conjurations
 + Level 3.4 Fire Magic


You had 6 spell levels left.
You knew the following spells:

 Your Spells              Type           Power        Failure   Level  Hunger
a - Foxfire               Conj/Fire      ##..         6%          1    #......

Your spell library contained the following spells:

 Spells                   Type           Power        Failure   Level  Hunger
 Conjure Flame            Conj/Fire      ##......     19%         3    ###....
 Inner Flame              Hex/Fire       #.......     28%         3    ###....
 Sticky Flame             Conj/Fire      ##......     52%         4    #####..
 Fireball                 Conj/Fire      ##........   86%         5    ######.


Dungeon Overview and Level Annotations

Branches:
Dungeon (2/15)

Altars:


Innate Abilities, Weirdness & Mutations

You are resistant to torment.
Your stone body is resilient. (AC +3)
You are immune to poison.
You resist negative energy. (rN+)
You are resistant to electric shocks. (rElec)
You can survive without breathing.
You are immune to petrification.
You are immune to rotting.


Message History

Confirm with . or Enter, or press ? or * to list all spells.
You conjure some foxfire!
The gnoll hits you from afar with a +0 spear.
* * * LOW HITPOINT WARNING * * *
Unknown command.
The foxfire hits the gnoll.
The gnoll is lightly wounded.
The foxfire hits the gnoll.
The gnoll is heavily wounded.
Casting: Foxfire (safe; 6% risk of failure)
Confirm with . or Enter, or press ? or * to list all spells.
You conjure some foxfire!
The gnoll misses you.
Your foxfire dissipates!
The foxfire hits the gnoll but does no damage.
The gnoll is heavily wounded.
Casting: Foxfire (safe; 6% risk of failure)
Confirm with . or Enter, or press ? or * to list all spells.
You conjure some foxfire!
The gnoll hits you from afar with a +0 spear!
You die...

### ####...... ... #........
..# #(......# #.#
#.......######## #.#
#.......#......# #.#
#......(#......# #.#
#.......#..§vg.########.#
#...>......9§g.'........#####
#.......#..v...#######......#
#.......#......# #.####.#
####.##.######## #.# #.#
#.##.# #g# #.# #.##.# #.##
#.# #.##.# #..# #.#
#####'##'######### ##.###.#
#................# #..##.#


You could see 2 gnolls.

Vanquished Creatures
  Terence (D:2)
  A dart slug (D:1)
  2 giant cockroaches (D:1)
  2 hobgoblins (D:1)
  4 jackals
  2 kobolds (D:2)
  2 bats
  2 frilled lizards (D:1)
  3 goblins (D:1)
  5 rats
24 creatures vanquished.

Vanquished Creatures (others)
  56 foxfires
56 creatures vanquished.

Grand Total: 80 creatures vanquished

Notes
Turn   | Place    | Note
-------+----------+-------------------------------------------
     0 | D:1      | ratboy the Gargoyle Fire Elementalist began the quest for
                  | the Orb.
     0 | D:1      | Reached XP level 1. HP: 10/10 MP: 3/3
   662 | D:1      | Reached XP level 2. HP: 16/16 MP: 3/5
   764 | D:1      | Reached skill level 1 in Fighting
  1079 | D:1      | Reached XP level 3. HP: 7/20 MP: 0/6
  1459 | D:2      | Noticed Terence
  1469 | D:2      | Killed Terence
  1613 | D:2      | Slain by a gnoll

Illustrated notes

Levels and vault maps discovered:
D:1:      nzn_arrival_depleted_hourglass, layout_basic
D:2:      layout_basic, minmay_misc_feat_chi, chequers_jeans, uniq_terence

Skill      XL: |  1  2  3 |
---------------+----------+-----
Fighting       | 1 |  1.6
Conjurations   | 2 |  2.1
Dodging        | |  1.5
Stealth        | |  2.1
Spellcasting   | |  2.5
Fire Magic     | |  3.4

Action                   || total
-------------------------++-------
Melee: Dagger            ||    22
       Short sword       ||     2
Throw: Stone             ||     3
       Dart              ||     3
 Cast: Foxfire           ||    35
 Stab: Sleeping          ||     1
  Eat: Chunk             ||     2
Armor: Robe              ||    21
Dodge: Dodged            ||    43
